Map: Berlingrad LE

Players

A.I. 1 (Easy)

  • Race: Protoss Protoss

Eleven - Winner!

  • Race: Zerg Zerg
  • League: Diamond

VOD

Have the link to the VOD?

Description

Time

  • Played on: Nov. 10, 2021, 5:06 a.m.
  • Length: 5:43
Show
View Real Time Build Order
Export as new Build Order

A.I. 1 (Easy) Protoss 

Build Orders: 1 Gate Expand 

Get SALT Encoding   

  12  0:00  Probe  
  13  0:13  Probe  
  14  0:19  Pylon  
  14  0:25  Probe  
  15  0:33  Probe  
  16  0:50  Gateway  
  16  1:07  Nexus  
  16  1:23  Pylon  
  16  1:26  Assimilator  
  16  1:28  Zealot  
  16  1:37  Probe  
  16  1:39  Cybernetics Core  
  19  1:50  Probe  
  20  1:57  Assimilator  
  20  2:00  Probe  
  20  2:02  Zealot  
  23  2:12  Probe  
  23  2:16  Pylon, Warp Gate  
  23  2:21  Probe  
  24  2:29  Stalker  
  27  2:32  Probe  
  28  2:54  Probe  
  28  2:56  Assimilator  
  29  2:59  Probe  
  29  3:00  Sentry  
  32  3:06  Probe  
  32  3:07  Probe  
  34  3:15  Probe  
  34  3:19  Probe  
  36  3:25  Probe  
  36  3:26  Adept  
  38  3:31  Probe  
  40  3:38  Probe  
  41  3:43  Probe  
  42  3:50  Probe  
  42  3:51  Pylon  
  42  3:52  Stalker  
  42  3:55  Probe  
  44  4:02  Probe, Robotics Facility  
  47  4:10  Probe  
  47  4:14  Probe  
  49  4:20  Probe  
  49  4:21  Pylon  
  50  4:27  Probe, Stalker  
  50  4:28  Probe  
  53  4:37  Probe  
  54  4:39  Probe  
  54  4:43  Pylon  
  54  4:47  Stalker  
  54  4:49  Probe, Observer  
  45  5:06  Observer  
  36  5:07  Assimilator  
  36  5:10  Stalker  
  28  5:19  Probe  
  23  5:23  Probe  
  23  5:27  Pylon  
  28  5:31  Probe  
Show
View Real Time Build Order
Export as new Build Order

Eleven Zerg - Winner!

Build Orders: Hatch First 

Get SALT Encoding   

  12  0:00  Drone  
  13  0:12  Overlord  
  13  0:17  Drone  
  14  0:31  Drone x2  
  16  0:49  Hatchery  
  15  0:52  Drone  
  15  0:56  Drone  
  17  0:59  Drone  
  18  1:10  Extractor  
  17  1:16  Spawning Pool  
  16  1:18  Drone  
  16  1:22  Drone  
  18  1:28  Drone  
  19  1:42  Drone  
  20  1:50  Overlord  
  20  1:57  Extractor  
  19  2:01  Drone  
  19  2:02  Drone  
  19  2:04  Queen x2  
  25  2:12  Zergling x4  
  27  2:18  Metabolic Boost  
  27  2:23  Drone x2  
  29  2:35  Drone x2  
  31  2:41  Lair  
  31  2:48  Queen  
  33  2:54  Overlord  
  33  3:10  Hatchery  
  32  3:16  Drone  
  32  3:17  Drone x2  
  35  3:27  Queen  
  35  3:32  Overlord  
  35  3:33  Zergling x4  
  39  3:44  Nydus Network  
  39  3:45  Zergling x4  
  40  3:51  Queen  
  40  3:54  Zergling x2  
  43  3:59  Zergling x4  
  45  4:05  Zergling x6  
  48  4:11  Zergling x2  
  48  4:12  Zergling x4  
  48  4:15  Zergling x2  
  52  4:19  Overlord  
  52  4:22  Nydus Canal  
  52  4:23  Zergling x2  
  53  4:34  Zergling x8  
  53  4:35  Zergling x2  
  50  4:53  Zergling x12  
  55  5:00  Zergling x2  
  55  5:02  Queen  
  55  5:04  Queen  
  55  5:06  Zergling x4  
  61  5:08  Zergling x2  
  62  5:18  Zergling x6  
Tags
 
Add a new tag
Caveats
  • Supply blocks, unpowered buildings, or Contaminate may cause inaccurate times.
  • Supply counts are checked every 10 seconds.